 Dungeon Crawl Stone Soup version 0.25.1-2-g60ff931df9 (webtiles) character file.

Game seed: 6153053391189469083

42073 Ivernyr the Frost Mage (level 14, -1/70 HPs)
             Began as a Vine Stalker Ice Elementalist on Oct 19, 2020.
             Was a Priest of Sif Muna.
             Slain by a tengu warrior
             ... wielding a +3 war axe of electrocution
             ... led by a tengu warrior
              (8 damage)
             ... on level 14 of the Dungeon.
             The game lasted 01:13:13 (15053 turns).

Ivernyr the Frost Mage (VSIE)                      Turns: 15053, Time: 01:13:14

Health: -1/70      AC: 25    Str: 13    XL:     14   Next: 18%
Magic:  0/30       EV: 11    Int: 19    God:    Sif Muna [***...]
Gold:   949        SH:  5    Dex: 14    Spells: 18/35 levels left

rFire    . . .     SeeInvis .   S - +3 scimitar (flame)
rCold    + . .     Gourm    .   K - +0 buckler
rNeg     . . .     Faith    .   q - +5 ring mail {rC+}
rPois    .         Spirit   +   w - +0 helmet
rElec    .         Reflect  .   f - +2 cloak
rCorr    +         Harm     .   u - +2 pair of gloves
MR       +....                  b - +0 pair of boots
Stlth    +.........             M - amulet of magic regeneration
HPRegen  1.01/turn              s - ring of resist corrosion
MPRegen  0.47/turn              t - +4 ring of protection

@: studying Invocations
A: fangs 3, regeneration 2, magic shield, antimagic bite, no potion heal 3, rot
immunity
a: Channel Magic, Forget Spell, Renounce Religion


You were on level 14 of the Dungeon.
You worshipped Sif Muna.
Sif Muna was most pleased with you.
You were hungry.

You visited 2 branches of the dungeon, and saw 16 of its levels.
You also visited: Sewer.

You collected 949 gold pieces.

Inventory:

Hand Weapons
 d - a +4 mace of holy wrath
 S - a +3 scimitar of flaming (weapon)
Armour
 b - a +0 pair of boots (worn)
 f - a +2 cloak (worn)
 q - a +5 ring mail of cold resistance (worn)
 u - a +2 pair of gloves (worn)
 w - a +0 helmet (worn)
 K - a +0 buckler (worn)
Jewellery
 s - a ring of resist corrosion (left hand)
 t - a +4 ring of protection (right hand)
 M - an amulet of magic regeneration (around neck)
 Q - an uncursed ring of flight
Wands
 o - a wand of digging (5)
 E - a wand of enslavement (9)
 F - a wand of iceblast (21)
Scrolls
 e - 10 scrolls of identify
 g - 3 scrolls of magic mapping
 i - 3 scrolls of remove curse
 m - 2 scrolls of enchant weapon {unknown}
 n - 5 scrolls of amnesia
 p - 3 scrolls of immolation {unknown}
 x - 2 scrolls of fear {unknown}
 y - 7 scrolls of teleportation
 A - a scroll of blinking {unknown}
 C - 3 scrolls of enchant armour
 G - a scroll of brand weapon {unknown}
 I - a scroll of fog {unknown}
Potions
 a - a potion of mutation {unknown}
 h - 4 potions of ambrosia {unknown}
 j - 2 potions of cancellation {unknown}
 l - 5 potions of brilliance {unknown}
 r - 7 potions of curing
 v - 2 potions of haste {unknown}
 z - 6 potions of heal wounds {unknown}
 B - 2 potions of flight {unknown}
 D - a potion of might
 H - 2 potions of lignification {unknown}
 J - 6 potions of degeneration
 L - 2 potions of invisibility {unknown}
 N - a potion of stabbing {unknown}
 R - a potion of resistance {unknown}
Books
 P - a manual of Invocations
Comestibles
 c - 23 rations
 O - 12 chunks of flesh


   Skills:
 - Level 6.6 Fighting
 + Level 9.0 Armour
 - Level 2.5 Dodging
 - Level 2.4 Stealth
 - Level 4.2 Shields
 + Level 11.2 Spellcasting
 + Level 8.3 Conjurations
 + Level 13.3 Ice Magic
 + Level 9.3 Invocations


You had 18 spell levels left.
You knew the following spells:

 Your Spells              Type           Power        Failure   Level  Hunger
a - Freeze                Ice            ####         1%          1    None
b - Frozen Ramparts       Ice            ######       1%          3    None
c - Ozocubu's Armour      Chrm/Ice       #####...     2%          3    None
d - Hailstorm             Conj/Ice       ######..     1%          4    ##.....
e - Summon Ice Beast      Ice/Summ       #####...     8%          4    ##.....
f - Searing Ray           Conj           #####.       1%          2    None

Your spell library contained the following spells:

 Spells                   Type           Power        Failure   Level  Hunger
 Magic Dart               Conj           ####         1%          1    None
 Dazzling Flash           Conj/Hex       ####..       7%          3    None
 Fulminant Prism          Conj/Hex       ####......   22%         4    ##.....
 Iskenderun's Mystic Bla  Conj/Tloc      ####....     22%         4    ##.....


Dungeon Overview and Level Annotations

Branches:
Dungeon (15/15)            Temple (1/1) D:7            Lair (0/6) D:10
    Orc (0/2) D:11         Vaults (0/5) D:14          Sewer (visited)
 Depths: D:15

Altars:
Dithmenos
Gozag
Kikubaaqudgha
Makhleb
Nemelex Xobeh
Ru
Sif Muna
Trog
Wu Jian
Xom
Yredelemnul
Zin
The Shining One

Annotations:
D:5 1 runed translucent door, Takimasai's ghost, amateur DrCj
D:13 3 runed translucent doors


Innate Abilities, Weirdness & Mutations

You have razor-sharp teeth.
You heal very quickly.
When hurt, damage is shared between your health and your magic reserves.
Your bite disrupts and absorbs the magic of your enemies.
Potions cannot restore your health.
You are immune to rotting.


Message History

Confirm with . or Enter, or press ? or * to list all spells.
Aiming: Freeze (safe; 1% risk of failure)
Press: ? - help, Shift-Dir - straight line, f - tengu warrior
Aim: a tengu warrior, wielding a +3 war axe of electrocution, wearing a +0 ring mail and quivering 6 arrows (severely wounded)
You freeze the tengu warrior!
The tengu warrior is almost dead.
The frozen ramparts melt away.
The tengu warrior hits you with a +3 war axe of electrocution.
* * * LOW HITPOINT WARNING * * *
The tengu warrior pecks you but does no damage.
You block the tengu warrior's attack.
Casting: Freeze (safe; 1% risk of failure)
Confirm with . or Enter, or press ? or * to list all spells.
Aiming: Freeze (safe; 1% risk of failure)
Press: ? - help, Shift-Dir - straight line, f/p - tengu warrior
Aim: a tengu warrior, wielding a +3 war axe of electrocution, wearing a +0 ring mail and quivering 6 arrows (almost dead)
You freeze the tengu warrior.
The tengu warrior is almost dead.
The tengu warrior hits you with a +3 war axe of electrocution!
You die...

..,,,,*≈*
#..##...##.#...#.##...#
*****'*≈*
#..##..####.....####...
*,,,,,,≈* #..#.(##
###'### ##.. *,,,,,,≈*
#..#.(## ##...## ##.#
*,,,,,,≈*
#<..(..####.....####...
*,,****≈*
#^....(.##.......##....
*,,*,,*≈*
#..Q((...........).....
*,,**,*≈*
#..###Q.(##..##...#....
*,,,,,*≈* #..*
#@(.##..##......##
',,,,,*≈**#..*
#...##.......#..#
*******≈,,...*
#...##.......#..#
≈≈≈≈≈≈≈*,##..*
#...##.......#..#
**,,**,,,*#..*
#...##...#...#..#
**,,**,,,*#..*
#...##...#...#..#
**,,**,,,**,,*
#(..##...#...#..#
**,,**,,,**,,*
#...##..^#...#..#
**,,**,,,**,,*
#...##...#...#..#


You could see a tengu warrior.

Vanquished Creatures
  An ettin (D:11)
  2 fire dragons
  A yaktaur captain (D:11)
  An ogre mage (D:15)
  2 hydras
  4 vault guards (D:14)
  6 centaur warriors
  A tengu warrior (D:15)
  4 two-headed ogres
  A deep troll earth mage (D:11)
  A deep troll (D:11)
  A glowing orange brain (D:14)
  11 ugly things
  A deep elf mage (D:11)
  3 cyclopes
  3 manticores
  Joseph (D:8)
  Psyche (D:9)
  A kobold demonologist (D:15)
  A gargoyle (D:12)
  An efreet (D:14)
  A yaktaur (D:15)
  A tengu conjurer (D:13)
  6 trolls
  A hornet (D:8)
  4 slime creatures (D:14)
  3 hippogriffs
  2 wyverns
  21 yaks
  4 vampire mosquitoes
  2 hungry ghosts (D:15)
  3 wargs (D:10)
  2 soldier ants (D:14)
  2 acid dragons
  2 sky beasts
  2 black bears
  4 ice beasts
  11 orc warriors
  5 ogres
  6 phantoms
  11 centaurs
  3 crocodiles
  6 big kobolds
  3 gnoll sergeants (D:11)
  7 bullfrogs
  5 scorpions
  22 killer bees
  10 wights
  7 howler monkeys
  A crimson imp (D:11)
  A bullfrog zombie (D:12)
  2 jellies
  A gnoll shaman (D:5)
  6 hounds
  13 orc wizards
  Crazy Yiuf (D:2)
  Terence (D:2)
  A bullfrog skeleton (D:7)
  6 orc priests
  6 centaur skeletons
  2 iguanas
  Jessica (D:3)
  Ijyb (D:3)
  A worker ant (D:11)
  A hound zombie (D:6)
  2 hound skeletons
  Robin (D:3)
  11 adders
  9 gnolls
  2 howler monkey skeletons (D:6)
  2 river rats (D:6)
  3 shadow imps
  2 oozes
  2 adder zombies
  2 worms (D:2)
  4 dart slugs
  4 leopard geckos
  53 orcs
  7 giant cockroaches
  15 goblins
  11 hobgoblins
  11 jackals
  4 quokkas
  3 ball pythons
  7 bats
  10 frilled lizards
  26 kobolds
  A leopard gecko zombie (D:8)
  10 rats
  A spectral orc (D:8)
  A fungus (D:2)
453 creatures vanquished.

Vanquished Creatures (others)
  A fungus (D:14)
  3 plants (D:14)
4 creatures vanquished.

Grand Total: 457 creatures vanquished

Notes
Turn   | Place    | Note
-------+----------+-------------------------------------------
     0 | D:1      | Ivernyr the Vine Stalker Ice Elementalist began the quest
                  | for the Orb.
     0 | D:1      | Reached XP level 1. HP: 9/9 MP: 4/4
   201 | D:1      | Reached XP level 2. HP: 9/14 MP: 4/6
   690 | D:1      | Reached XP level 3. HP: 15/17 MP: 7/7
   695 | D:1      | Learned a level 3 spell: Frozen Ramparts
   699 | D:1      | Learned a level 3 spell: Ozocubu's Armour
  1245 | D:2      | Reached skill level 1 in Fighting
  1279 | D:2      | Found a shadowy altar of Dithmenos.
  1510 | D:2      | Gained mutation: Your natural rate of healing is unusually
                  | fast. [Vine Stalker growth]
  1510 | D:2      | Reached XP level 4. HP: 22/22 MP: 4/9
  1628 | D:2      | Noticed Terence
  1641 | D:2      | Killed Terence
  2241 | D:2      | Found a runed translucent door.
  2242 | D:2      | Noticed Crazy Yiuf
  2252 | D:2      | Killed Crazy Yiuf
  2252 | D:2      | Reached skill level 5 in Ice Magic
  2252 | D:2      | Reached XP level 5. HP: 16/25 MP: 4/10
  2466 | D:3      | Noticed Jessica
  2476 | D:3      | Killed Jessica
  2549 | D:3      | Found a glowing golden altar of the Shining One.
  2922 | D:3      | Noticed Ijyb
  2938 | D:3      | Killed Ijyb
  2938 | D:3      | Reached XP level 6. HP: 24/30 MP: 4/12
  3224 | D:3      | Noticed Robin
  3238 | D:3      | Killed Robin
  3553 | D:4      | Noticed an orc warrior
  3562 | D:4      | Killed an orc warrior
  3562 | D:4      | Reached skill level 1 in Armour
  3562 | D:4      | Reached skill level 6 in Ice Magic
  3562 | D:4      | Reached XP level 7. HP: 24/35 MP: 4/13
  4173 | D:4      | Found a shimmering altar of Xom.
  4499 | D:5      | Entered Level 5 of the Dungeon
  4652 | D:5      | Found a runed translucent door.
  4652 | D:5      | Noticed Takimasai's ghost (amateur DrCj)
  4699 | D:5      | Gained mutation: You have razor-sharp teeth. [Vine Stalker
                  | growth]
  4699 | D:5      | Reached XP level 8. HP: 39/40 MP: 12/15
  4963 | D:5      | Reached skill level 7 in Ice Magic
  5557 | D:6      | Found a glowing drain.
  5566 | Sewer    | Entered a sewer
  6105 | D:6      | Reached skill level 5 in Spellcasting
  6809 | D:7      | Reached skill level 8 in Ice Magic
  6852 | D:7      | Found a staircase to the Ecumenical Temple.
  6971 | D:7      | Reached XP level 9. HP: 42/45 MP: 16/18
  7010 | D:7      | Found a burning altar of Makhleb.
  7176 | D:7      | Found a glowing silver altar of Zin.
  7323 | D:7      | Found a sacrificial altar of Ru.
  7705 | D:7      | Reached skill level 9 in Ice Magic
  7877 | D:7      | Reached skill level 5 in Fighting
  8177 | D:8      | Reached XP level 10. HP: 47/51 MP: 16/20
  8284 | D:8      | Noticed a two-headed ogre
  8300 | D:8      | Killed a two-headed ogre
  8300 | D:8      | Reached skill level 10 in Ice Magic
  8406 | D:8      | Noticed Joseph
  8478 | D:8      | Killed Joseph
  8510 | D:8      | Reached skill level 5 in Armour
  8586 | D:8      | Found a basalt altar of Yredelemnul.
  9341 | D:9      | Learned a level 4 spell: Hailstorm
  9347 | D:9      | Reached skill level 11 in Ice Magic
  9381 | D:9      | Reached XP level 11. HP: 49/58 MP: 19/23
  9462 | D:9      | Found a sparkling altar of Nemelex Xobeh.
  9654 | D:9      | Reached skill level 1 in Conjurations
  9655 | D:9      | Noticed Psyche
  9662 | D:9      | Killed Psyche
  9861 | D:10     | Entered Level 10 of the Dungeon
 10069 | D:10     | Reached skill level 1 in Shields
 10111 | D:10     | Found a staircase to the Lair.
 10855 | D:11     | Learned a level 4 spell: Summon Ice Beast
 11180 | D:11     | Noticed a seven-headed hydra
 11190 | D:11     | Killed a seven-headed hydra
 11245 | D:11     | Noticed a cyclops
 11258 | D:11     | Killed a cyclops
 11287 | D:11     | Noticed a deep elf mage
 11297 | D:11     | Killed a deep elf mage
 11328 | D:11     | Noticed a cyan ugly thing
 11366 | D:11     | Killed a cyan ugly thing
 11372 | D:11     | Found a staircase to the Orcish Mines.
 11566 | D:11     | Noticed a cyan ugly thing
 11574 | D:11     | Killed a cyan ugly thing
 11574 | D:11     | Gained mutation: You heal very quickly. [Vine Stalker
                  | growth]
 11574 | D:11     | Reached XP level 12. HP: 51/62 MP: 19/25
 11578 | D:11     | Learned a level 2 spell: Searing Ray
 11857 | D:11     | Noticed a deep troll earth mage
 11866 | D:11     | Killed a deep troll earth mage
 11883 | D:11     | Noticed a yaktaur captain
 11893 | D:11     | Killed a yaktaur captain
 11907 | D:11     | Noticed an ettin
 11915 | D:11     | Killed an ettin
 11933 | D:11     | Got a sparkling brass ring
 11936 | D:11     | Identified the ring of Gigodok {rF+ Stlth-} (You found it
                  | on level 11 of the Dungeon)
 12087 | Temple   | Entered the Ecumenical Temple
 12104 | Temple   | Became a worshipper of Sif Muna the Loreminder
 12521 | D:12     | Reached skill level 5 in Conjurations
 12521 | D:12     | Reached skill level 12 in Ice Magic
 12563 | D:12     | You fall into a shaft and drop 2 floors!
 12564 | D:14     | Noticed a centaur warrior
 12571 | D:14     | Killed a centaur warrior
 12571 | D:14     | Reached skill level 1 in Invocations
 12628 | D:13     | You fall into a shaft and drop 2 floors!
 12628 | D:15     | Entered Level 15 of the Dungeon
 12643 | D:15     | Noticed a centaur warrior
 12650 | D:15     | Killed a centaur warrior
 12865 | D:15     | Noticed a two-headed ogre
 12869 | D:15     | Noticed an ogre mage
 12874 | D:15     | Noticed a two-headed ogre
 12876 | D:15     | Killed a two-headed ogre
 12877 | D:15     | Noticed a two-headed ogre
 12878 | D:15     | Paralysed by an ogre mage for 7 turns
 12885 | D:15     | Killed an ogre mage
 12886 | D:15     | Killed a two-headed ogre
 12889 | D:15     | Killed a two-headed ogre
 12889 | D:15     | Reached * piety under Sif Muna
 12997 | D:15     | Noticed a fire dragon
 13007 | D:15     | Noticed a centaur warrior
 13007 | D:15     | Killed a fire dragon
 13007 | D:15     | Reached skill level 10 in Spellcasting
 13007 | D:15     | Reached skill level 5 in Invocations
 13018 | D:15     | Killed a centaur warrior
 13018 | D:15     | Reached XP level 13. HP: 58/66 MP: 19/28
 13342 | D:14     | Noticed a fire dragon
 13361 | D:14     | Killed a fire dragon
 13639 | D:13     | Reached ** piety under Sif Muna
 14360 | D:12     | Reached skill level 13 in Ice Magic
 14534 | D:13     | Found a runed translucent gate.
 14535 | D:13     | Found a runed translucent gate.
 14535 | D:13     | Found a runed translucent gate.
 14537 | D:13     | You fall into a shaft and drop 2 floors!
 14849 | D:14     | Found a gate to the Vaults.
 14849 | D:14     | Noticed a vault guard
 14849 | D:14     | Noticed a vault guard
 14849 | D:14     | Noticed a vault guard
 14849 | D:14     | Noticed a vault guard
 14869 | D:14     | Killed a vault guard
 14869 | D:14     | Reached XP level 14. HP: 61/70 MP: 24/30
 14877 | D:14     | Reached *** piety under Sif Muna
 15042 | D:14     | HP: 3/70 [tengu warrior/arrow[a tengu warrior] (15)]
 15043 | D:14     | HP: 1/70 [tengu warrior/arrow[a tengu warrior] (3)]
 15053 | D:14     | Slain by a tengu warrior

Illustrated notes

Levels and vault maps discovered:
D:1:      scummos_arrival_simple_fountains, layout_basic,
          minmay_misc_feat_ornament, minmay_pentomino_q2
D:2:      layout_basic, nicolae_dithmenos_through_a_glass_darkly, uniq_terence,
          uniq_crazy_yiuf_cottage
D:3:      layout_loops_cross, first_ration, nicolae_tso_carved_into_rock,
          uniq_ijyb, uniq_jessica, uniq_robin
D:4:      layout_basic, kennysheep_little_box, minmay_fractal_squares_diagonal_5
D:5:      layout_basic, hellmonk_ghost_happy_afterlife
D:6:      layout_gridville, portal_sewer_entry_e, minmay_misc_feat_enclosed
D:7:      layout_loops_corners, nicolae_overflow_crystal_walls,
          lemuel_round_altar, marbit_many_paths, minmay_temple_entry_butterflies
D:8:      layout_rooms, yredelemnul_forgotten_temple_becter, blue_anna_alchemist
          [blue_anna_fruit_fields, blue_anna_fruit_fields],
          hangedman_abyss_or_decor_passed, uniq_joseph
D:9:      layout_irregular_city, nemelex_diamond_rough_becter, uniq_psyche
D:10:     layout_stronghold, erik_lair_orcish_takeover
D:11:     minmay_sliced_demisemicircle, layout_loops_ring,
          kennysheep_orc_monster_closet_entryway
D:12:     layout_basic
D:13:     layout_grid_maze, ploomutoo_gammafunk_ghost_potion_laboratory
D:14:     cheibrodos_ideogram_h, layout_long_grid,
          lightli_vaults_fourway_checkpoint, ebering_ghost_funeral_grove,
          minmay_checkerbox
D:15:     grunt_enter_depths_snipers, layout_small_grid,
          hangedman_decor_slide_cut
Temple:   eino_temple_scatter_basement

Skill      XL: |  1  2  3  4  5  6  7  8  9 10 11 12 13 14 |
---------------+-------------------------------------------+-----
Fighting       | 1 2 3 4 5 6 |  6.6
Dodging        | 2 |  2.5
Spellcasting   | 3 4 5 6 7 8 10 11 | 11.2
Ice Magic      | 5 6 8 9 11 12 13 | 13.3
Armour         | 1 2 3 4 5 6 7 8 9 |  9.0
Conjurations   | 4 6 8 |  8.3
Shields        | 3 4 |  4.2
Invocations    | 5 8 9 |  9.3
Stealth        | |  2.4

Action                   |  1- 3 |  4- 6 |  7- 9 | 10-12 | 13-15 || total
-------------------------+-------+-------+-------+-------+-------++-------
Melee: Mace              |    66 |       |   252 |   347 |   236 ||   901
       Bite              |     8 |    30 |    66 |    73 |    60 ||   237
       Dagger            |     2 |   103 |     9 |       |       ||   114
       Scimitar          |       |       |       |       |     2 ||     2
 Cast: Freeze            |    27 |    52 |    56 |    17 |    36 ||   188
       Frozen Ramparts   |       |     5 |    14 |    51 |    33 ||   103
       Hailstorm         |       |       |       |     2 |    14 ||    16
  Use: Scroll            |       |       |     1 |     4 |     5 ||    10
       Potion            |       |       |       |       |     2 ||     2
 Stab: Sleeping          |     6 |     1 |     1 |       |       ||     8
       Distracted        |       |       |       |     1 |       ||     1
  Eat: Chunk             |     2 |     7 |    13 |    18 |     8 ||    48
       Ration            |       |       |     1 |       |       ||     1
Armor: Robe              |    28 |    17 |       |       |       ||    45
       Ring mail         |       |    16 |   238 |   285 |   204 ||   743
Dodge: Dodged            |    57 |    78 |   261 |   253 |   190 ||   839
Block: Buckler           |       |       |       |    15 |    87 ||   102
